 Dungeon Crawl Stone Soup version 0.29-a0-378-gc08b2e8bf8 (webtiles) character file.

Game seed: 7130761008468590598

46 Antichthon the Skirmisher (level 3, -1/24 HPs)
             Began as a Gargoyle Fighter on May 5, 2022.
             Slain by Terence
             ... wielding a +6 vorpal mace
              (7 damage)
             ... on level 2 of the Dungeon.
             The game lasted 00:01:24 (1128 turns).

Antichthon the Skirmisher (Gargoyle Fighter)        Turns: 1128, Time: 00:01:25

Health: -1/24      AC: 17    Str: 19    XL:     3   Next: 66%
Magic:  3/3        EV:  9    Int: 10    God:
Gold:   71         SH:  5    Dex:  9    Spells: 2/2 levels left

rFire   . . .      SeeInvis .   a - +0 flail (protect)
rCold   . . .      Faith    .   c - +1 buckler
rNeg    + . .      Spirit   .   b - +0 scale mail
rPois   ∞          Reflect  .   (no helmet)
rElec   +          Harm     .   (no cloak)
rCorr   .          Rampage  .   (no gloves)
Will    .....                   (no boots)
Stlth   ..........              (no amulet)
HPRegen 0.08/turn               (no ring)
MPRegen 0.08/turn               (no ring)

@: under a protective aura
A: sickness immunity, AC +3, negative energy resistance 1, electricity
resistance, torment resistance 1, petrification resistance
a: no special abilities


You were on level 2 of the Dungeon.
You visited 1 branch of the dungeon, and saw 2 of its levels.

You collected 71 gold pieces.

Inventory:

Hand Weapons
 a - a +0 flail of protection (weapon)
Armour
 b - a +0 scale mail (worn)
 c - a +1 buckler (worn)
Jewellery
 h - a +4 ring of evasion
Potions
 d - a potion of might
 e - a potion of curing {unknown}
 f - 2 potions of lignification
 i - a potion of attraction {unknown}


   Skills:
 * Level 3.8 Fighting
 * Level 2.6 Maces & Flails
 * Level 3.6 Armour
 * Level 0.2 Dodging
 * Level 3.5 Shields
 * Level 0.5 Invocations


You had 2 spell levels left.
You didn't know any spells.
Your spell library was empty.

Dungeon Overview and Level Annotations

Branches:
Dungeon (2/15)

Altars:

Annotations:
D:2 Sigmund, Terence


Innate Abilities, Weirdness & Mutations

You are immune to sickness and miasma.
Your stone body is resilient. (AC +3)
You are immune to poison.
You resist negative energy. (rN+)
You are resistant to electric shocks. (rElec)
You are resistant to unholy torment.
You are immune to petrification.


Message History

You closely miss Jessica.
Jessica is heavily wounded.
You block Jessica's attack.
You closely miss Jessica.
Jessica is heavily wounded.
Jessica gestures at you while chanting. Pain shoots through your body!
You sock Jessica!
Your weapon exudes an aura of protection.
You kill Jessica!
You have reached level 3!
Your experience leads to an increase in your attributes!
Increase (S)trength, (I)ntelligence, or (D)exterity?
You feel clever. x2
Things that are here:
a +0 club; a +0 robe
g - a scroll labelled YHEAXO SIRU Blink to where?
Press: ? - help, Dir - move target
As you read the scroll labelled YHEAXO SIRU, it crumbles to dust.
It was a scroll of blinking.
Terence the Incautious comes into view.
He is wielding a +6 vorpal mace, wearing a +2 chain mail of cold resistance and carrying a wand of digging (6).
Terence shouts!
Terence zaps a wand.
You hear a grinding noise.
Terence is nearby!
You barely miss Terence. You block Terence's attack.
Terence hits you with a +6 vorpal mace!
You hit Terence but do no damage.
Your weapon exudes an aura of protection.
Terence asks, "Do you want it fast or slow?"
Terence hits you but does no damage.
You hit Terence.
Terence is lightly wounded.
Terence hits you with a +6 vorpal mace.
* * * LOW HITPOINT WARNING * * *
x2 You hit Terence but do no damage.
Terence is lightly wounded.
Terence barely misses you. Terence hits you with a +6 vorpal mace!
You die...

#......### #.. #....)...# #..
###..###.# #... ##...#.# ...
###.#.# #.S #...### . #..#
##....## # #. #..#######.#..#
.###. #. #...S@@...##.###^....
#.# ########........#..#
#..###############..##.#..#
.####..#..........####.......#
...###..#########....##....#.##
.#....<.........####..........#
######..######..######..###...
##...#####......)).# .#
##......#######)#..#


You could see Terence and an adder.

Vanquished Creatures
  Jessica (D:2)
  A dart slug (D:1)
  A ball python (D:1)
  4 endoplasms (D:1)
  A giant cockroach (D:1)
  2 hobgoblins (D:1)
  A frilled lizard (D:2)
  A goblin (D:2)
  4 kobolds (D:1)
  2 rats (D:1)
18 creatures vanquished.

Notes
Turn   | Place    | Note
-------+----------+-------------------------------------------
     0 | D:1      | Antichthon the Gargoyle Fighter began the quest for the
                  | Orb.
     0 | D:1      | Reached XP level 1. HP: 14/14 MP: 1/1
   181 | D:1      | Reached XP level 2. HP: 10/19 MP: 2/2
   882 | D:2      | Noticed Sigmund
  1056 | D:2      | Noticed Jessica
  1063 | D:2      | Killed Jessica
  1064 | D:2      | Reached XP level 3. HP: 20/24 MP: 3/3
  1117 | D:2      | Noticed Terence
  1128 | D:2      | Slain by Terence

Illustrated notes

Levels and vault maps discovered:
D:1:      elethiomel_arrival_shortcut, layout_loops_ring
D:2:      layout_rooms, uniq_sigmund, uniq_jessica, uniq_terence

Action                   || total
-------------------------++-------
Melee: Flail             ||    75
  Use: Scroll            ||     6
Armor: Scale mail        ||    41
Dodge: Dodged            ||    27
Block: Buckler           ||    12

Table legend: (Time is in decaauts)
 A = Elapsed time spent in this place.
 B = Non-inter-level travel time spent in this place.
 C = Inter-level travel time spent in this place.
 D = Time resting spent in this place.
 E = Time spent auto-exploring this place.
 F = Levels seen in this place.
 G = Mean time per level.
                   A        B        C        D        E       F      G
               +--------+--------+--------+--------+--------+-----+--------+
         Total |   1153 |   1090 |     63 |      0 |    886 |   2 |  576.5 |
       Dungeon |   1153 |   1090 |     63 |      0 |    886 |   2 |  576.5 |
               +--------+--------+--------+--------+--------+-----+--------+

Top non-repeatable levels by time:
     D:1: 949 daAuts
     D:2: 204 daAuts
